 Dungeon Crawl Stone Soup version 0.28.0-45-g0d030f2227 (webtiles) character file.

Game seed: 12619553239010880369

2440 MajorAdolf the Fighter (level 9, -4/93 HPs)
             Began as a Naga Wanderer on May 25, 2022.
             Slain by a killer bee (8 damage)
             ... on level 7 of the Dungeon.
             The game lasted 00:13:46 (10855 turns).

MajorAdolf the Fighter (Naga Wanderer)             Turns: 10855, Time: 00:13:46

Health: -4/93      AC: 10    Str: 24    XL:     9   Next: 49%
Magic:  10/10      EV:  9    Int: 14    God:
Gold:   316        SH:  5    Dex: 12    Spells: 10/10 levels left

rFire   + . .      SeeInvis +   t - +6 flail of Venur {venom, Will+ Str+4}
rCold   + . .      Faith    .   A - +0 buckler
rNeg    . . .      Spirit   .   s - +0 robe
rPois   +          Reflect  .   H - +3 helmet of the Maze {Fly rC+ Dex-2}
rElec   .          Harm     .   b - +0 cloak
rCorr   .          Rampage  .   z - +0 pair of gloves
Will    ++...                   (no barding)
Stlth   ++++......              (no amulet)
HPRegen 0.25/turn               e - ring of protection from fire
MPRegen 0.12/turn               c - +6 ring of dexterity

@: flying, very slow
A: AC +3, large, see invisible, deformed body, poison resistance, slowness 2,
spit poison 1, naga tail 1
a: Spit Poison


You were on level 7 of the Dungeon.
You visited 1 branch of the dungeon, and saw 8 of its levels.

You collected 316 gold pieces.

Inventory:

Hand Weapons
 a - a +0 club
 f - a +0 dagger
 i - a +0 short sword
 k - a +0 spear
 t - the +6 flail of Venur (weapon) {venom, Will+ Str+4}
   (You found it on level 4 of the Dungeon)

   It poisons the flesh of those it strikes.
   Str:       It affects your strength (+4).
   Will:      It increases your willpower.
 x - a +4 hand axe of freezing
Missiles
 g - 268 stones
Armour
 b - a +0 cloak (worn)
 s - a +0 robe (worn)
 z - a +0 pair of gloves (worn)
 A - a +0 buckler (worn)
 H - the +3 helmet of the Maze (worn) {Fly rC+ Dex-2}
   (You found it on level 8 of the Dungeon)

   Dex:       It affects your dexterity (-2).
   rC:        It protects you from cold.
   Fly:       It grants you flight.
Magical Staves
 E - a staff of poison
Jewellery
 c - a +6 ring of dexterity (right hand)
 e - a ring of protection from fire (left hand)
 w - a ring of protection from cold
Scrolls
 d - 4 scrolls of teleportation
 j - a scroll of enchant armour {unknown}
 n - 2 scrolls of immolation {unknown}
 o - a scroll of holy word {unknown}
 p - 2 scrolls of noise {unknown}
 q - 5 scrolls of identify {unknown}
 r - a scroll of silence {unknown}
 v - a scroll of magic mapping {unknown}
 y - a scroll of vulnerability {unknown}
 B - a scroll of amnesia {unknown}
 D - a scroll of fear {unknown}
 F - a scroll of blinking {unknown}
Potions
 h - a potion of attraction {unknown}
 l - a potion of might {unknown}
 m - a potion of invisibility {unknown}
 u - 4 potions of curing {unknown}
 C - a potion of magic {unknown}
 G - a potion of lignification {unknown}


   Skills:
 + Level 10.1 Fighting
 - Level 10.0 Stealth
 + Level 4.1 Shields
 - Level 1.0 Spellcasting
 - Level 4.0 Necromancy


You had 10 spell levels left.
You didn't know any spells.
Your spell library contained the following spells:

 Spells                   Type           Power      Damage    Failure   Level
 Animate Skeleton         Necr           22%        N/A       6%          1
 Pain                     Necr           44%        1d6       6%          1
 Shock                    Conj/Air       0%         1d3       32%         1
 Blink                    Tloc           0%         N/A       43%         2
 Lesser Beckoning         Tloc           0%         N/A       67%         3
 Swiftness                Air            0%         N/A       67%         3
 Anguish                  Hex/Necr       3%         N/A       80%         4
 Airstrike                Air            0%         N/A       97%         4
 Manifold Assault         Tloc           0%         N/A       100%        5


Dungeon Overview and Level Annotations

Branches:
Dungeon (8/15)             Temple (0/1) D:4
   Lair: D:8-11

Altars:
Wu Jian

Annotations:
D:1 exclusion: gnoll
D:3 Terence
D:4 exclusion: jelly
D:5 exclusions: ice beast, jelly and phantom
D:8 exclusion: obsidian statue


Innate Abilities, Weirdness & Mutations

Your serpentine skin is tough. (AC +3)
You have supernaturally acute eyesight. (SInv)
Armour fits poorly on your strangely shaped body.
Your system is resistant to poisons. (rPois)
You cover ground very slowly.
You can spit poison.
You have a snake-like lower body.


Message History

The killer bee closely misses you.
You fly upwards.
There is a stone staircase leading down here.
Unknown command.
You sock the bullfrog!
The bullfrog is severely wounded.
The killer bee stings you! The killer bee stings you.
The bullfrog hits you but does no damage.
The killer bee stings you. x2; The bullfrog hits you.
* * * LOW HITPOINT WARNING * * *
The killer bee stings you but does no damage. x2
The bullfrog hits you but does no damage.
You closely miss the bullfrog.
The bullfrog is severely wounded.
The killer bee stings you.
* * * LOW HITPOINT WARNING * * *
The killer bee stings you but does no damage.
You block the killer bee's attack.
The killer bee stings you but does no damage.
The bullfrog barely misses you.
The killer bee stings you but does no damage.
The killer bee barely misses you.
The bullfrog hits you but does no damage.
Unknown command.
You closely miss the bullfrog.
The bullfrog is severely wounded.
The killer bee stings you but does no damage.
The killer bee barely misses you. The bullfrog hits you!
* * * LOW HITPOINT WARNING * * *
The killer bee stings you.
* * * LOW HITPOINT WARNING * * *
The killer bee stings you!
* * * LOW HITPOINT WARNING * * *
The bullfrog hits you but does no damage.
You block the killer bee's attack. The killer bee closely misses you.
Okay, then.
You thump the bullfrog!
You kill the bullfrog!
The killer bee closely misses you. The killer bee stings you!
You die...

#...#.....####.##.#.##...#
#....†.#..........#.####.#
#.#.........##.####.# #.#
#†#.........##.# #.# #.#
#.#.........##.# #.# #.#
###.#....#.....#.# #.# #.#
....#......###.#.# #.# #.#
#####....#.....yy####.#
#.# #...#.##....@†....#
#.# #.....##.#.########
#.# #.)..###.#.# #.#
#........#.# #.#
##...#####.###########.#
######...#
#..............#
.........#
#..#############
.#####.)#####..........#
.# #..)......#######.#


You could see 2 killer bees.

Vanquished Creatures
  Eustachio (D:4)
  A steam dragon (D:8)
  Menkaure (D:6)
  A water moccasin (D:7)
  2 sky beasts
  A necrophage (D:7)
  A black bear (D:5)
  2 ogres
  A kobold brigand (D:4)
  A bullfrog (D:7)
  2 scorpions
  A water moccasin skeleton (D:6)
  5 killer bees
  4 wights (D:8)
  A howler monkey (D:6)
  A hound (D:6)
  6 orc priests
  2 centaur skeletons (D:7)
  3 iguanas
  Jessica (D:3)
  8 orc wizards
  8 adders
  A howler monkey skeleton (D:7)
  2 ufetubi
  A worm (D:1)
  A dart slug (D:4)
  26 orcs
  4 endoplasms
  3 giant cockroaches
  4 goblins
  5 hobgoblins
  3 jackals (D:2)
  3 kobolds
  2 quokkas
  6 ball pythons
  4 bats
  5 frilled lizards
  A quokka skeleton (D:4)
  6 rats
131 creatures vanquished.

Vanquished Creatures (others)
  A killer bee (D:8)
  8 plants
9 creatures vanquished.

Grand Total: 140 creatures vanquished

Notes
Turn   | Place    | Note
-------+----------+-------------------------------------------
     0 | D:1      | MajorAdolf the Naga Wanderer began the quest for the Orb.
     0 | D:1      | MajorAdolf set off with the following items: a +0 club, a
                  | +0 cloak, a +0 leather armour, a scroll of teleportation;
                  | and the following spells available to memorise: Animate
                  | Skeleton, Pain, Anguish
     0 | D:1      | Reached XP level 1. HP: 21/21 MP: 2/2
   177 | D:1      | Found a faded altar of an unknown god.
   552 | D:1      | Reached XP level 2. HP: 28/28 MP: 3/3
  1848 | D:1      | Reached XP level 3. HP: 32/36 MP: 4/4
  2880 | D:2      | Reached XP level 4. HP: 45/45 MP: 5/5
  3075 | D:3      | Noticed Jessica
  3086 | D:3      | Killed Jessica
  3251 | D:3      | Reached skill level 5 in Fighting
  3394 | D:3      | Noticed Terence
  3533 | D:4      | Noticed a black bear
  3734 | D:4      | Noticed a kobold brigand
  3754 | D:4      | Killed a kobold brigand
  3755 | D:4      | Reached skill level 5 in Stealth
  3755 | D:4      | Reached XP level 5. HP: 21/52 MP: 6/6
  4128 | D:4      | Reached XP level 6. HP: 50/62 MP: 7/7
  4193 | D:4      | Identified the +6 flail of Venur {venom, Will+ Str+4}
  4398 | D:4      | Found a staircase to the Ecumenical Temple.
  4703 | D:4      | Noticed Eustachio
  4711 | D:4      | Killed Eustachio
  4712 | D:4      | Reached XP level 7. HP: 41/72 MP: 8/8
  5256 | D:5      | Entered Level 5 of the Dungeon
  6269 | D:6      | Reached XP level 8. HP: 68/81 MP: 9/9
  6373 | D:6      | Noticed Menkaure
  6378 | D:6      | HP: 3/81 [Menkaure (3)]
  6379 | D:6      | Killed Menkaure
  7563 | D:7      | Reached skill level 1 in Shields
  8366 | D:6      | Reached skill level 10 in Stealth
  8905 | D:7      | Reached XP level 9. HP: 73/91 MP: 10/10
  9339 | D:7      | Found an ornate altar of the Wu Jian Council.
 10727 | D:8      | Noticed an obsidian statue
 10755 | D:8      | Reached skill level 10 in Fighting
 10764 | D:8      | Identified the +3 helmet of the Maze {Fly rC+ Dex-2}
 10854 | D:7      | HP: 4/93 [killer bee (8)]
 10855 | D:7      | Slain by a killer bee

Illustrated notes

Levels and vault maps discovered:
D:1:      matt_arrival_refuge, layout_loops_cross,
          chequers_ecumenical_altar_twisty, minmay_misc_feat_hallway,
          serial_bayou_lagoon_b
D:2:      layout_rooms, kennysheep_generic_room_8
D:3:      layout_rooms, grunt_decor_resistance, moated_statue, uniq_jessica,
          uniq_terence
D:4:      layout_loops_ring, minmay_temple_entry_gardened_gates, uniq_eustachio
D:5:      layout_basic, serial_shops, shop, minmay_misc_feat_four_crosses,
          amcnicky_mini_pool_medium
D:6:      layout_loops_cross, bh_walls_and_bars, uniq_menkaure
D:7:      layout_loops_ring, mainiacjoe_overflow_six_doors_small
D:8:      minmay_statue_hallways, layout_cave_pools

Skill      XL: |  1  2  3  4  5  6  7  8  9 |
---------------+----------------------------+-----
Fighting       | 4 5 7 8 9 10 | 10.1
Stealth        | 5 6 8 10 | 10.0
Shields        | 2 4 |  4.1
Spellcasting   | |  1.0
Necromancy     | |  4.0

Action                   |  1- 3 |  4- 6 |  7- 9 || total
-------------------------+-------+-------+-------++-------
Melee: Dagger            |    50 |    18 |       ||    68
       Flail             |       |    18 |   158 ||   176
       Punch             |       |       |     3 ||     3
 Abil: Spit Poison       |    49 |    32 |     8 ||    89
 Stab: Sleeping          |       |     1 |    10 ||    11
       Distracted        |       |       |     1 ||     1
Armor: Leather armour    |    18 |     1 |       ||    19
       Robe              |       |    21 |    81 ||   102
Dodge: Dodged            |    27 |    25 |    80 ||   132
Block: Buckler           |       |       |    22 ||    22
